 Dungeon Crawl Stone Soup version 0.17.1-1-g73c8601 (webtiles) character file.

5551 xeno23 the Covert (level 10, -5/44 HPs)
             Began as a Spriggan Enchanter on Jan 4, 2016.
             Was an Initiate of Ashenzari.
             Slain by a yak (13 damage)
             ... on level 9 of the Dungeon.
             The game lasted 00:54:52 (7614 turns).

xeno23 the Covert (Spriggan Enchanter)              Turns: 7614, Time: 00:54:53

Health: -5/44      AC:  5    Str:  5    XL:     10   Next: 44%
Magic:  0/18       EV: 22    Int: 23    God:    Ashenzari [......]
Gold:   108        SH:  2    Dex: 17    Spells: 5 memorised, 7 levels left

rFire  + . .     SeeInvis +     v - +0 rapier
rCold  + . .     Clarity  .     C - +1 robe {rC+ rF+}
rNeg   . . .     SustAt   .     (shield restricted)
rPois  .         Gourm    .     (helmet restricted)
rElec  .         Spirit   .     L - +0 cloak
rCorr  .         Warding  .     (gloves unavailable)
rMut   .         Stasis   .     (boots unavailable)
MR     +....                    (no amulet)
Stlth  +++++++...               G - ring of stealth (curse)
                                s - +4 ring of intelligence (curse)

@: very quick, somewhat resistant to hostile enchantments, extremely stealthy
A: unfitting armour, large bone plates 1, see invisible, deformed body,
herbivore 3, speed 3, slow metabolism 2, wild magic 1, evolution 1
a: Renounce Religion


You were on level 9 of the Dungeon.
You worshipped Ashenzari.
Ashenzari was noncommittal.
You were not hungry.

You visited 2 branches of the dungeon, and saw 10 of its levels.

You collected 399 gold pieces.
You spent 291 gold pieces at shops.

Inventory:

Hand Weapons
 v - a +0 rapier (weapon)
Missiles
 u - 3 needles of sleeping
Armour
 f - a +0 buckler
 t - a +2 robe of magic resistance
 C - a +1 robe of resistance (worn)
 H - the cursed +1 robe "Ygiff" {+Fly rPois Str+4}
   (You found it on level 8 of the Dungeon)

   It affects your strength (+4).
   It protects you from poison.
   It lets you fly.
   It has a curse placed upon it.
 L - a +0 cloak (worn)
Jewellery
 s - a cursed +4 ring of intelligence (left hand)
 G - a cursed ring of stealth (right hand)
 J - an uncursed ring of wizardry
Wands
 j - a wand of teleportation (4)
 k - a wand of random effects (11)
 r - a wand of magic darts (34)
 y - a wand of magic darts (27)
 F - a wand of polymorph (13)
Scrolls
 a - 2 scrolls of enchant weapon
 b - a scroll of curse jewellery
 e - 3 scrolls of blinking {unknown}
 g - 4 scrolls of magic mapping
 h - a scroll of immolation
 i - 2 scrolls of recharging {unknown}
 l - a scroll of identify
 m - 3 scrolls of amnesia {unknown}
 z - 2 scrolls of enchant armour {unknown}
 A - 5 scrolls of teleportation
 E - a scroll of fear {unknown}
 I - a scroll of fog {unknown}
Potions
 n - a potion of resistance
 o - a potion of brilliance
 p - 2 potions of heal wounds
 q - 6 potions of curing
 B - a potion of flight
 D - a potion of haste
 K - a potion of lignification {unknown}
Books
 c - a book of Maledictions

   Spells                             Type                      Level
   a - Corona                         Hexes                        1
   b - Ensorcelled Hibernation        Hexes/Ice                    2
   c - Confuse                        Hexes                        3
   d - Tukima's Dance                 Hexes                        3
   e - Dazzling Spray                 Conjuration/Hexes            3
Comestibles
 d - 4 bread rations
 w - 7 slices of pizza
 x - 2 fruits


   Skills:
 * Level 9.7 Short Blades
 + Level 7.0 Dodging
 + Level 11.3 Stealth
 - Level 5.0 Spellcasting
 * Level 4.9 Conjurations
 + Level 8.6 Hexes


You had 7 spell levels left.
You knew the following spells:

 Your Spells              Type           Power        Failure   Level  Hunger
a - Confuse               Hex            ######..     3%          3    ##.....
c - Corona                Hex            ######.      2%          1    None
d - Tukima's Dance        Hex            ######..     3%          3    ##.....
q - Dazzling Spray        Conj/Hex       ######..     4%          3    ##.....
s - Ensorcelled Hibernat  Hex/Ice        #####.       7%          2    None


Dungeon Overview and Level Annotations

Branches:
Dungeon (9/15)             Temple (1/1) D:7
   Lair: D:8-11         Orc: D:9-12

Altars:
Ashenzari
Cheibriados
Dithmenos
Elyvilon
Fedhas
Gozag
Kikubaaqudgha
Makhleb
Nemelex Xobeh
Okawaru
Qazlal
Ru
Sif Muna
Trog
Vehumet
Xom
Yredelemnul
Zin
The Shining One

Shops:
D:5 %   D:6 [   D:8 [!(!


Innate Abilities, Weirdness & Mutations

You are tiny and cannot use many weapons and most armour.
You have supernaturally acute eyesight.
You are a herbivore.
You cover ground extremely quickly.
You need consume almost no food.
You are partially covered in large bone plates (AC +2, SH +2).
Armour fits poorly on your strangely shaped body.
Your spells are a little harder to cast, but a little more powerful.
You evolve.


Message History

The yak gores you!
* * * LOW HITPOINT WARNING * * *
You take 15 damage.
Casting: Confuse
Confirm with . or Enter, or press ? or * to list all spells.
Aiming: Confuse
Press: ? - help, Shift-Dir - straight line, f/p - yak
Aim: a yak (moderately wounded, chance to defeat MR: 76%)
The yak barely resists.
Casting: Confuse
Confirm with . or Enter, or press ? or * to list all spells.
Aiming: Confuse
Press: ? - help, Shift-Dir - straight line, f/p - yak
Aim: a yak (moderately wounded, chance to defeat MR: 76%)
The yak appears confused.
Your magical contamination has completely faded away.
You hit the yak.
The yak is heavily wounded.
The yak gores you!
You die...

#####.##.#
#..#*****#o#
.......#.#
##.#,,,,,..#
.........#
#.#,*******
#####..####
#.#,*
#(....#
#.#,*
##.##.#
#.#,*
##.#*,#
####.#,*
#<.#*,*
#....#,* *
#.##*,*
#@####,* *
#.# *,* #Y#
*,* * #.#
*,* #.#***,*
* #.# *,*
#.#*,,,* *
#.# *,*
#.#*,*** *
#.# *,*
*#.#*,* *
#.# *,*
**.#.*,*
*****,* *,*
**.#*#.,*
,,,,,,*
*,***.#*
*#.**


You could see a yak (confused).

Vanquished Creatures
  Maurice (D:9)
  2 kobold demonologists (D:8)
  The ghost of BobbyTwoHands the Basher, an amateur MiCK of Xom (D:3)
  Sigmund (D:4)
  4 yaks
  2 hungry ghosts
  A human (D:7)
  A hog (D:7)
  Duvessa (D:5)
  2 orc warriors
  2 ogres (D:8)
  4 phantoms
  A centaur (D:9)
  2 ice beasts
  A crocodile (D:7)
  2 big kobolds
  Dowan (D:5)
  7 giant frogs
  8 wights
  2 giant frog zombies
  A crimson imp (D:5)
  8 orc wizards
  3 iguanas
  3 jellies
  6 hounds
  4 orc priests
  3 giant frog skeletons
  5 worker ants
  2 sheep (D:7)
  A hound zombie (D:9)
  A worker ant zombie (D:5)
  A shadow imp (D:6)
  10 adders
  An ooze (D:3)
  4 worms
  An adder skeleton (D:5)
  4 giant geckos
  17 orcs
  4 giant cockroaches
  4 goblins
  10 hobgoblins
  7 jackals
  8 kobolds
  2 quokkas (D:5)
  A ball python skeleton (D:4)
  4 bats
  2 giant newts
  A jackal skeleton (D:5)
  A quokka zombie (D:5)
  8 rats
  A bush (D:4)
174 creatures vanquished.

Notes
Turn   | Place    | Note
--------------------------------------------------------------
     0 | D:1      | xeno23 the Spriggan Enchanter began the quest for the Orb.
     0 | D:1      | Reached XP level 1. HP: 9/9 MP: 5/5
   218 | D:1      | Reached XP level 2. HP: 8/13 MP: 4/6
   424 | D:1      | Learned a level 2 spell: Ensorcelled Hibernation
   545 | D:2      | Found a shimmering altar of Xom.
   629 | D:2      | Reached skill level 5 in Stealth
   667 | D:2      | Reached XP level 3. HP: 12/16 MP: 1/8
   982 | D:2      | Learned a level 3 spell: Confuse
  1324 | D:3      | Noticed BobbyTwoHands's ghost (amateur MiCK)
  1345 | D:2      | Reached XP level 4. HP: 19/21 MP: 2/10
  2039 | D:3      | Killed BobbyTwoHands's ghost
  2039 | D:3      | Reached skill level 6 in Stealth
  2039 | D:3      | Reached skill level 5 in Hexes
  2039 | D:3      | Reached XP level 5. HP: 24/24 MP: 6/12
  2039 | D:3      | Reached XP level 6. HP: 28/28 MP: 6/13
  2094 | D:3      | Found a sacrificial altar of Ru.
  2482 | D:4      | Noticed Sigmund
  2487 | D:4      | Killed Sigmund
  2503 | D:4      | HP: 1/28 [poison (a potion of poison)]
  2614 | D:4      | Reached XP level 7. HP: 17/32 MP: 8/15
  2741 | D:4      | Reached skill level 7 in Stealth
  2791 | D:4      | Reached skill level 5 in Short Blades
  2791 | D:4      | Reached skill level 5 in Spellcasting
  3284 | D:5      | Entered Level 5 of the Dungeon
  3293 | D:5      | Learned a level 3 spell: Tukima's Dance
  3297 | D:5      | Learned a level 3 spell: Dazzling Spray
  3318 | D:5      | Found a stormy altar of Qazlal.
  3500 | D:5      | Found Fapu's Food Shop.
  3558 | D:5      | Bought 2 fruits for 33 gold pieces
  3608 | D:5      | Noticed Duvessa
  3795 | D:5      | Killed Duvessa
  3795 | D:5      | Reached skill level 8 in Stealth
  3803 | D:5      | Noticed Dowan
  3882 | D:5      | Killed Dowan
  3968 | D:5      | Reached XP level 8. HP: 36/36 MP: 4/16
  4373 | D:6      | Reached skill level 1 in Conjurations
  4404 | D:6      | Gained mutation: You evolve. [potion of mutation]
  4404 | D:6      | Gained mutation: You are partially covered in large bone plates (AC +2, SH +2). [potion of mutation]
  4404 | D:6      | Gained mutation: Armour fits poorly on your strangely shaped body. [potion of mutation]
  4593 | D:6      | Reached skill level 9 in Stealth
  4879 | D:6      | Found Roukhly's Antique Armour Emporium.
  4884 | D:6      | Bought an embroidered robe for 19 gold pieces
  4884 | D:6      | Bought a runed robe for 19 gold pieces
  5139 | D:7      | Found an opulent altar of Gozag.
  5170 | D:7      | Found a staircase to the Ecumenical Temple.
  5176 | Temple   | Entered the Ecumenical Temple
  5261 | Temple   | Became a worshipper of Ashenzari the Shackled
  5315 | D:7      | Reached XP level 9. HP: 39/39 MP: 17/17
  5791 | D:7      | Reached skill level 5 in Dodging
  5820 | D:7      | Found a shadowy altar of Dithmenos.
  5916 | D:7      | Reached skill level 10 in Stealth
  6413 | D:8      | Found Yxamn's Distillery.
  6415 | D:8      | Bought a potion of flight for 33 gold pieces
  6415 | D:8      | Bought a potion of degeneration for 11 gold pieces
  6416 | D:8      | Bought a potion of haste for 110 gold pieces
  6416 | D:8      | Bought a potion of curing for 33 gold pieces
  6416 | D:8      | Bought a potion of curing for 33 gold pieces
  6468 | D:8      | Found a glowing golden altar of the Shining One.
  6494 | D:8      | Noticed a kobold demonologist
  6536 | D:8      | Killed a kobold demonologist
  6549 | D:8      | Found a white marble altar of Elyvilon.
  6585 | D:8      | Noticed a kobold demonologist
  6587 | D:8      | Found Warorrum's Weapon Shoppe.
  6590 | D:8      | Found Dixkoeh's Distillery.
  6631 | D:8      | Killed a kobold demonologist
  6632 | D:8      | Reached XP level 10. HP: 29/44 MP: 7/18
  6802 | D:8      | Got the cursed robe "Ygiff" {+Fly rPois Str+4}
  6807 | D:8      | Found Hyups's Armour Shoppe.
  7138 | D:8      | Gained mutation: Your spells are a little harder to cast, but a little more powerful. [potion of beneficial mutation]
  7328 | D:9      | Reached skill level 11 in Stealth
  7476 | D:9      | Noticed Maurice
  7484 | D:9      | Killed Maurice
  7614 | D:9      | Slain by a yak

Action                   |  1- 3 |  4- 6 |  7- 9 | 10-12 || total
-------------------------+-------+-------+-------+-------++-------
Melee: Dagger            |    86 |    85 |     8 |       ||   179
       Rapier            |       |       |   496 |    97 ||   593
 Cast: Corona            |     5 |     2 |       |       ||     7
       Ensorcelled Hiber |    12 |     9 |     7 |     2 ||    30
       Confuse           |       |    14 |    60 |    19 ||    93
       Dazzling Spray    |       |       |     7 |     4 ||    11
  Use: Potion            |       |     3 |     1 |     2 ||     6
       Scroll            |       |       |    12 |     6 ||    18
 Stab: Sleeping          |    16 |    11 |    27 |     7 ||    61
       Confused          |       |     7 |    34 |     9 ||    50
       Invisible         |       |       |     2 |     1 ||     3
       Distracted        |       |       |     1 |     2 ||     3
  Eat: Bread ration      |       |       |     2 |       ||     2
